AoeStats
← schmeno

Arena

509401390Analyzed
2v2 RM · 7d ago on Sep 26, 2026· 39m 21s· 4 players
Game mode
Random Map
Map size
Medium (4 player)
Population
200
Speed
Normal
Resources
Standard
Victory
Conquest
Starting age
Dark Age
Ending age
Imperial Age
RankedLock teamsTeams togetherTeam positionsShared explorationLock speedFull tech treeHidden civsTurbo modeCheats
Victory
Defeat
🇹🇷 Khmer · Türkiye
1217
+14
🇹🇷 Slavs · Türkiye
1173
+15
🇺🇸 Varangians · United States
1171
-15
🇺🇸 Saxons · United States
1155
-14
Tired Cock
10:25 Feudal Age
14:22 Castle Age
13:31 Double-Bit Axe
13:27 Horse Collar
20:08 Bow Saw
20:16 Loom
20:59 Bloodlines
23:16 Heavy Plow
24:04 Scale Barding Armor
24:13 Forging
26:26 Devotion
26:32 Husbandry
30:52 Imperial Age
29:21 Wheelbarrow
31:20 Chain Barding Armor
31:36 Iron Casting
30:23 Vendel Legacy
31:25 Cavalier
32:52 Plate Barding Armor
33:16 Conscription
33:41 Hand Cart
34:28 Two-Man Saw
38:12 Blast Furnace
schmeno
2:55 Loom
10:32 Feudal Age
12:18 Loom
14:58 Castle Age
13:24 Double-Bit Axe
13:57 Horse Collar
16:38 Bow Saw
18:14 Sanctity
28:35 Imperial Age
26:43 Wheelbarrow
27:02 Fletching
27:56 Bodkin Arrow
28:02 Padded Archer Armor
28:04 Stone Mining
28:49 Redemption
29:44 Block Printing
30:03 Illumination
29:04 Crossbowman
29:48 Bracer
30:55 Theocracy
30:34 Thumb Ring
31:33 Chemistry
30:48 Town Watch
31:13 Heavy Plow
31:31 Hand Cart
30:42 Arbalester
32:19 Leather Archer Armor
32:09 Gold Mining
33:01 Masonry
33:19 Siege Engineers
34:07 Ring Archer Armor
33:44 Guard Tower
34:38 Clerical Recruitment
BigBadBearD
10:47 Feudal Age
13:57 Castle Age
12:04 Double-Bit Axe
20:11 Wheelbarrow
20:28 Gold Mining
20:27 Horse Collar
24:11 Heavy Plow
27:48 Imperial Age
26:07 Hand Cart
25:59 Town Watch
26:00 Loom
27:13 Bow Saw
27:45 Stone Mining
29:34 Chemistry
28:57 Double Crossbow
29:50 Conscription
29:23 Heavy Scorpion
29:45 Light Cavalry
30:36 Bloodlines
30:26 Husbandry
31:25 Ballistics
31:35 Siege Engineers
31:54 Husbandry
33:19 Hussar
34:29 Fletching
1453sultan
10:40 Feudal Age
12:12 Wheelbarrow
15:08 Castle Age
13:18 Double-Bit Axe
17:50 Bow Saw
17:48 Town Watch
17:56 Horse Collar
20:37 Heavy Plow
21:49 Hand Cart
27:58 Imperial Age
25:37 Scale Barding Armor
25:35 Scale Mail Armor
26:02 Forging
26:50 Chain Barding Armor
26:03 Man-at-Arms
27:22 Bloodlines
27:12 Husbandry
27:46 Chain Mail Armor
26:52 Long Swordsman
28:04 Detinets
28:44 Capped Ram
29:47 Conscription
28:49 Two-Handed Swordsman
30:47 Loom
31:49 Plate Barding Armor
32:12 Iron Casting
32:31 Plate Mail Armor
32:33 Siege Ram
32:53 Elite Boyar
35:01 Blast Furnace
34:45 Siege Ram
36:33 Two-Man Saw
35:23 Champion
38:39 Gold Mining
38:39 Stone Mining
39:20 Crop Rotation
39:54 Two-Man Saw
38:58 Town Patrol
Connection lost

Rejoining the realm…

Still unreachable

The connection could not be restored.

Session expired

The server has moved on; the page needs a fresh start.